AoeStats
← CNZS_98T

Nomad

508472067Analyzed
4v4 RM · 9d ago on Sep 22, 2026· 16m 17s· 8 players
Game mode
Random Map
Map size
231×231
Population
200
Speed
Normal
Resources
Standard
Victory
Conquest
Starting age
Dark Age
Ending age
Imperial Age
RankedLock teamsTeams togetherTeam positionsShared explorationLock speedFull tech treeHidden civsTurbo modeCheats
Victory
Defeat
🇨🇳 Saxons · China
1997
+15
🇨🇳 Danes · China
1977
+16
🇨🇳 Varangians · China
1860
+20
🇨🇳 Spanish · China
1852
+20
🇳🇱 Saxons · Netherlands
1983
-19
🇨🇳 Saxons · China
1974
-18
🇨🇳 Saxons · China
1952
-17
🇮🇳 Saxons · India
1951
-17
CNZS_CC
9:13 Loom
12:39 Feudal Age
16:40 Castle Age
15:06 Double-Bit Axe
15:49 Fishing Lines
16:38 Town Watch
RTMaxwell
4:51 Loom
13:10 Feudal Age
17:04 Castle Age
15:33 Double-Bit Axe
16:27 Forging
qingchen3457
11:59 Loom
14:12 Feudal Age
15:14 Town Watch
18:06 Castle Age
HeavenlyChorus
8:44 Loom
11:27 Feudal Age
12:19 Double-Bit Axe
15:14 Town Watch
DK2
4:03 Loom
13:43 Feudal Age
18:17 Castle Age
16:26 Double-Bit Axe
CNZS_98T
13:43 Feudal Age
13:38 Loom
17:26 Castle Age
15:28 Double-Bit Axe
15:33 Horse Collar
16:08 Gold Mining
_LY_Yo
9:06 Loom
12:30 Feudal Age
13:04 Double-Bit Axe
13:37 Fishing Lines
15:14 Gold Mining
_LY_lyx
12:47 Feudal Age
13:22 Town Watch
16:57 Castle Age
15:43 Double-Bit Axe
16:01 Loom
Connection lost

Rejoining the realm…

Still unreachable

The connection could not be restored.

Session expired

The server has moved on; the page needs a fresh start.